St.Louis Blues vs San Jose Sharks
Created - Monday, June 9, 2025 at 07:59
Goals
|
| St.Louis Blues |
3 |
0 |
3 |
6 |
| San Jose Sharks |
1 |
0 |
2 |
3 |
|
Shots
|
| St.Louis Blues |
9 |
13 |
13 |
35 |
| San Jose Sharks |
13 |
7 |
12 |
32 |
|
1st period
1. St.Louis Blues , Brayden Point 1 (Jake Guentzel 5, Robert Thomas 4) at 2:40 (PP)
2. San Jose Sharks , Max Domi 4 (T.J. Oshie 5) at 12:50
3. St.Louis Blues , Brayden Point 2 (Robert Thomas 5) at 13:26 (PP)
4. St.Louis Blues , Alex Tuch 4 (Elias Lindholm 6, Elias Pettersson 1) at 14:17
Penalties :
Brandon Tanev (SJS) for Hooking (Minor) at 2:31, Alex Tuch (STL) for Delaying the game (Minor) at 9:25, Ilya Mikheyev (SJS) for Interference (Minor) at 13:18, Ryan Johansen (SJS) for Holding (Minor) at 16:13, Brandon Hagel (STL) for Tripping (Minor) at 19:47
2nd period
No Goal
Penalties :
Max Domi (SJS) for Tripping (Minor) at 14:53
3rd period
5. St.Louis Blues , Elias Lindholm 2 (Alex Tuch 2, Jake Guentzel 6) at 5:49
6. St.Louis Blues , Jake Guentzel 8 (Jack Eichel 7) at 8:15
7. San Jose Sharks , T.J. Oshie 2 (Max Domi 4) at 12:39
8. San Jose Sharks , Max Domi 5 (T.J. Oshie 6, Connor Murphy 1) at 13:32
9. St.Louis Blues , Alex Tuch 5 (Jake Sanderson 2, Jaccob Slavin 3) at 18:10
Penalties :
Max Domi (SJS) for Tripping (Minor) at 10:06
Goalie Stats
Connor Hellebuyck (STL), 29 saves from 32 shots - (0.906), W, 4-0-2, 60:00 minutes
Stuart Skinner (SJS), 29 saves from 35 shots - (0.829), L, 2-3-1, 60:00 minutes
Players Stats for St.Louis Blues
Player Name G A P +/- PIM S H SB GA TA FO MP PP MP PK MP
------------------------------------------------------------------------------------
Alex Pietrangelo 0 0 0 1 0 1 0 1 0 1 0/0 21:39 0:00 0:00
Alex Tuch 2 1 3 2 2 5 0 0 1 1 0/0 13:25 2:07 0:56
Brandon Hagel 0 0 0 0 2 0 3 0 1 0 0/0 16:39 2:31 0:00
Brayden Point 2 0 2 0 0 4 1 1 0 0 0/1 17:57 3:43 0:00
Colton Parayko 0 0 0 1 0 3 0 0 0 0 0/0 23:44 0:00 1:52
Dakota Joshua 0 0 0 -1 0 2 2 0 0 1 0/2 7:39 0:00 0:00
Elias Lindholm 1 1 2 2 0 4 1 0 0 0 4/5 14:32 2:31 2:00
Elias Pettersson 0 1 1 0 0 2 0 0 1 0 5/7 18:49 4:07 0:10
Jaccob Slavin 0 1 1 1 0 0 1 1 0 2 0/0 19:08 0:00 2:06
Jack Eichel 0 1 1 0 0 1 1 1 1 0 20/31 22:01 4:07 0:00
Jake Guentzel 1 2 3 0 0 4 6 2 0 0 0/3 21:42 3:43 0:00
Jake Sanderson 0 1 1 1 0 1 0 1 0 2 0/0 18:57 0:00 1:52
Lars Eller 0 0 0 -1 0 2 1 0 0 0 3/7 9:37 0:00 1:58
Logan O'Connor 0 0 0 -1 0 0 0 0 1 0 0/0 9:37 0:00 1:58
Mark Stone 0 0 0 2 0 3 1 0 0 0 0/1 12:19 2:31 0:00
Mikhail Sergachev 0 0 0 -1 0 0 0 0 0 1 0/0 13:01 2:07 0:00
Nick Leddy 0 0 0 -1 0 1 0 1 0 1 0/0 12:38 0:00 2:06
Robert Thomas 0 2 2 0 0 2 0 1 0 0 1/6 22:36 3:43 0:54
Players Stats for San Jose Sharks
Player Name G A P +/- PIM S H SB GA TA FO MP PP MP PK MP
------------------------------------------------------------------------------------
Adam Henrique 0 0 0 -1 0 5 1 0 1 0 11/19 20:05 2:16 3:04
Alec Martinez 0 0 0 0 0 2 2 3 0 1 0/0 20:20 1:57 3:08
Brandon Tanev 0 0 0 0 2 2 2 0 0 0 1/1 16:21 2:16 0:55
Christopher Tanev 0 0 0 0 0 2 1 1 1 0 0/0 25:32 1:55 3:06
Connor Murphy 0 1 1 -1 0 1 1 0 0 1 0/0 13:53 0:00 0:00
Dmitry Orlov 0 0 0 0 0 1 1 1 0 1 0/0 19:38 2:03 3:06
Eeli Tolvanen 0 0 0 0 0 1 1 0 0 0 1/1 7:18 0:00 0:00
Ilya Mikheyev 0 0 0 0 2 3 3 0 1 0 0/2 18:41 0:00 0:00
Jonathan Drouin 0 0 0 -1 0 6 1 0 1 0 1/2 19:20 1:42 3:02
Kasperi Kapanen 0 0 0 0 0 0 0 1 0 0 0/0 0:52 0:00 0:00
Kevin Fiala 0 0 0 -1 0 0 1 0 1 0 0/2 19:49 2:16 2:48
Marcus Pettersson 0 0 0 -1 0 1 0 4 0 0 0/0 25:48 2:01 3:08
Matthew Knies 0 0 0 0 0 0 2 1 1 1 0/0 17:06 1:42 0:24
Max Domi 2 1 3 1 4 4 0 1 2 0 2/7 13:23 0:00 0:15
Nick Perbix 0 0 0 0 0 0 0 0 0 0 0/0 14:49 0:00 0:00
Noel Acciari 0 0 0 0 0 0 1 0 0 0 1/4 7:18 0:00 0:00
Ryan Johansen 0 0 0 -2 2 1 1 0 0 0 13/25 20:22 1:42 2:00
T.J. Oshie 1 2 3 1 0 3 1 0 1 1 0/0 13:06 0:00 0:00
3 Stars
1 - Jake Guentzel (STL)
2 - Alex Tuch (STL)
3 - Brayden Point (STL)
Power Play
St.Louis Blues - 2 on 5 Attempt(s) - 40.00%
San Jose Sharks - 0 on 2 Attempt(s) - 0.00%
Penalty Kill
St.Louis Blues - 2 on 2 Attempt(s) - 100.00%
- Score 0 goal in Penalty Kill
San Jose Sharks - 3 on 5 Attempt(s) - 60.00%
- Score 0 goal in Penalty Kill
Team Stat
St.Louis Blues - Hits : 17 - Faceoff Wins : 33 - Blocked Shots : 9 - Penalty Minutes : 4
San Jose Sharks - Hits : 19 - Faceoff Wins : 30 - Blocked Shots : 12 - Penalty Minutes : 10
Official
Referees : Frederick L'Ecuyer and Marc Joannette
Linesman : Jonathan Deschamps and Tommy Hughes
Game Notes
Kasperi Kapanen is injured at 2:24 of 1st period (Strained Right Elbow)
18:10 of 3rd period - St.Louis Blues goal is going for a video replay. After video review, Goal.
Finance
Level 1 -- Attendance: 5450 (90.83%) -- Ticket Income $528,650
Level 2 -- Attendance: 5000 (100.00%) -- Ticket Income $285,000
Level 3 -- Attendance: 3000 (100.00%) -- Ticket Income $99,000
Level 4 -- Attendance: 5000 (100.00%) -- Ticket Income $110,000
Luxury Box -- Attendance: 1000 (100.00%) -- Ticket Income $193,000
Game was played at the SAP Center at San Jose.
Total Attendance: 19450 (97.25%)
Total Ticket Income: $1,215,650
Other Income: $425,478
Total Income: $1,641,128
St.Louis Blues
5 vs 5 Forward
Center Left Wing Right Wing Time % Phy DF OF
1 Jack Eichel Jake Guentzel Robert Thomas 40 0 2 3
2 Elias Pettersson Brandon Hagel Brayden Point 31 0 2 3
3 Elias Lindholm Alex Tuch Mark Stone 22 0 3 2
4 Lars Eller Dakota Joshua Logan O'Connor 7 1 2 2
5 vs 5 Defense
Defense Defense Time % Phy DF OF
1 Colton Parayko Alex Pietrangelo 45 1 2 2
2 Jake Sanderson Jaccob Slavin 35 1 2 2
3 Mikhail Sergachev Nick Leddy 20 1 2 2
4 Colton Parayko Alex Pietrangelo 0 1 2 2
PowerPlay Forward
Center Left Wing Right Wing Time % Phy DF OF
1 Robert Thomas Brayden Point Jake Guentzel 60 1 0 4
2 Elias Lindholm Brandon Hagel Mark Stone 40 1 0 4
PowerPlay Defense
Defense Defense Time % Phy DF OF
1 Jack Eichel Elias Pettersson 60 0 1 4
2 Alex Tuch Mikhail Sergachev 40 0 1 4
Penalty Kill 4 Players Forward
Center Wing Time % Phy DF OF
1 Lars Eller Logan O'Connor 50 1 4 0
2 Elias Lindholm Alex Tuch 50 1 4 0
Penalty Kill 4 Players Defense
Defense Defense Time % Phy DF OF
1 Jake Sanderson Colton Parayko 50 1 4 0
2 Jaccob Slavin Nick Leddy 50 1 4 0
Penalty Kill - 3 Players Forward
Forward Time % Phy DF OF
1 Elias Lindholm 50 0 5 0
2 Lars Eller 50 0 5 0
Penalty Kill - 3 Players Defense
Defense Defense Time % Phy DF OF
1 Jake Sanderson Colton Parayko 50 0 5 0
2 Nick Leddy Alex Pietrangelo 50 0 5 0
4 vs 4 Forward
Center Wing Time % Phy DF OF
1 Jack Eichel Jake Guentzel 50 0 2 3
2 Robert Thomas Brayden Point 50 0 2 3
4 vs 4 Defense
Defense Defense Time % Phy DF OF
1 Jake Sanderson Alex Pietrangelo 50 0 3 2
2 Colton Parayko Mikhail Sergachev 50 0 3 2
Last Minutes Offensive
Center Left Wing Right Wing Defense Defense
Robert Thomas Jake Guentzel Brayden Point Jack Eichel Alex Pietrangelo
Last Minutes Defensive
Center Left Wing Right Wing Defense Defense
Elias Lindholm Logan O'Connor Robert Thomas Alex Pietrangelo Colton Parayko
Goaltenders
Starting : Connor Hellebuyck
Backup : Scott Wedgewood
Extra Forwards
Normal : Brayden Point, Brandon Hagel, Mark Stone - PP : Brandon Hagel, Dakota Joshua - PK : Robert Thomas
Extra Defensemen
Normal : Jake Sanderson, Mikhail Sergachev, Colton Parayko - PP : Mikhail Sergachev - PK : Jaccob Slavin, Nick Leddy
Penalty Shots
Elias Pettersson, Jack Eichel, Brayden Point, Jake Guentzel, Robert Thomas
Scratches
Jack Roslovic (Healthy), Adam Pelech (Healthy)
San Jose Sharks
5 vs 5 Forward
Center Left Wing Right Wing Time % Phy DF OF
1 Adam Henrique Kevin Fiala Kasperi Kapanen 30 1 2 2
2 Ryan Johansen Matthew Knies Jonathan Drouin 30 1 2 2
3 Max Domi Brandon Tanev T.J. Oshie 25 1 2 2
4 Noel Acciari Eeli Tolvanen Ilya Mikheyev 15 1 2 2
5 vs 5 Defense
Defense Defense Time % Phy DF OF
1 Marcus Pettersson Connor Murphy 30 1 2 2
2 Christopher Tanev Alec Martinez 30 1 2 2
3 Dmitry Orlov Nick Perbix 25 1 2 2
4 Marcus Pettersson Christopher Tanev 15 1 2 2
PowerPlay Forward
Center Left Wing Right Wing Time % Phy DF OF
1 Adam Henrique Kevin Fiala Brandon Tanev 50 1 2 2
2 Ryan Johansen Matthew Knies Jonathan Drouin 50 1 2 2
PowerPlay Defense
Defense Defense Time % Phy DF OF
1 Marcus Pettersson Dmitry Orlov 50 1 2 2
2 Christopher Tanev Alec Martinez 50 1 2 2
Penalty Kill 4 Players Forward
Center Wing Time % Phy DF OF
1 Adam Henrique Kevin Fiala 50 1 2 2
2 Ryan Johansen Jonathan Drouin 50 1 2 2
Penalty Kill 4 Players Defense
Defense Defense Time % Phy DF OF
1 Marcus Pettersson Alec Martinez 50 1 2 2
2 Christopher Tanev Dmitry Orlov 50 1 2 2
Penalty Kill - 3 Players Forward
Forward Time % Phy DF OF
1 Adam Henrique 50 1 2 2
2 Noel Acciari 50 1 2 2
Penalty Kill - 3 Players Defense
Defense Defense Time % Phy DF OF
1 Marcus Pettersson Dmitry Orlov 50 1 2 2
2 Christopher Tanev Alec Martinez 50 1 2 2
4 vs 4 Forward
Center Wing Time % Phy DF OF
1 Adam Henrique Kevin Fiala 50 1 2 2
2 Ryan Johansen Matthew Knies 50 1 2 2
4 vs 4 Defense
Defense Defense Time % Phy DF OF
1 Marcus Pettersson Alec Martinez 50 1 2 2
2 Christopher Tanev Dmitry Orlov 50 1 2 2
Last Minutes Offensive
Center Left Wing Right Wing Defense Defense
Adam Henrique Kevin Fiala Kasperi Kapanen Marcus Pettersson Connor Murphy
Last Minutes Defensive
Center Left Wing Right Wing Defense Defense
Adam Henrique Kevin Fiala Kasperi Kapanen Marcus Pettersson Connor Murphy
Goaltenders
Starting : Stuart Skinner
Backup : Tristan Jarry
Extra Forwards
Normal : Ilya Mikheyev, Ryan Johansen, Brandon Tanev - PP : Ilya Mikheyev, Ryan Johansen - PK : Brandon Tanev
Extra Defensemen
Normal : Dmitry Orlov, Alec Martinez, Christopher Tanev - PP : Dmitry Orlov - PK : Alec Martinez, Christopher Tanev
Penalty Shots
Adam Henrique, Kevin Fiala, Ryan Johansen, Jonathan Drouin, T.J. Oshie
Scratches
Calle Jarnkrok (Sprained Left Ankle Injury), Clay Stevenson (Healthy)
% Time on Ice - St.Louis Blues
Lines # - Real PCT - Wanted PCT - Time Play
Normal Forward
1 - 36% - 40% - 17:59
2 - 29% - 31% - 14:22
3 - 20% - 22% - 9:48
4 - 15% - 7% - 7:39
Normal Defense
1 - 44% - 45% - 21:52
2 - 35% - 35% - 17:34
3 - 21% - 20% - 10:22
4 - 0% - 0% - 0:00
PP Forward
1 - 60% - 60% - 3:43
2 - 40% - 40% - 2:31
PP Defense
1 - 66% - 60% - 4:07
2 - 34% - 40% - 2:07
PK Forward
1 - 50% - 50% - 1:58
2 - 50% - 50% - 2:00
PK Defense
1 - 47% - 50% - 1:52
2 - 53% - 50% - 2:06
PK3 Forward
1 - 0% - 50%
2 - 0% - 50%
PK3 Defense
1 - 0% - 50%
2 - 0% - 50%
44 Forward
1 - 0% - 50%
2 - 0% - 50%
44 Defense
1 - 0% - 50%
2 - 0% - 50%
Last Minute Offensive - 0:00
Last Minute Defensive - 0:00
Total
Forward - 60:00
Defense - 60:00
|
% Time on Ice - San Jose Sharks
Lines # - Real PCT - Wanted PCT - Time Play
Normal Forward
1 - 30% - 30% - 14:48
2 - 29% - 30% - 14:36
3 - 26% - 25% - 13:06
4 - 15% - 15% - 7:18
Normal Defense
1 - 29% - 30% - 14:28
2 - 29% - 30% - 14:20
3 - 30% - 25% - 14:49
4 - 12% - 15% - 6:11
PP Forward
1 - 57% - 50% - 2:16
2 - 43% - 50% - 1:42
PP Defense
1 - 52% - 50% - 2:03
2 - 48% - 50% - 1:55
PK Forward
1 - 47% - 50% - 2:54
2 - 53% - 50% - 3:20
PK Defense
1 - 50% - 50% - 3:08
2 - 50% - 50% - 3:06
PK3 Forward
1 - 0% - 50%
2 - 0% - 50%
PK3 Defense
1 - 0% - 50%
2 - 0% - 50%
44 Forward
1 - 0% - 50%
2 - 0% - 50%
44 Defense
1 - 0% - 50%
2 - 0% - 50%
Last Minute Offensive - 0:00
Last Minute Defensive - 0:00
Total
Forward - 60:00
Defense - 60:00
|
Play-by-Play
1st period
0:01 of 1st period - Adam Henrique wins face-off versus Jack Eichel in neutral zone.
0:46 of 1st period - Snap shot by Max Domi.
0:46 of 1st period - Stopped by Connor Hellebuyck with a rebound.
0:48 of 1st period - Slapshot by Brandon Tanev.
0:48 of 1st period - Shot Misses the Net.
0:50 of 1st period - Wrist shot by Brandon Tanev.
0:50 of 1st period - Stopped by Connor Hellebuyck with a rebound.
0:52 of 1st period - Slapshot by Connor Murphy.
0:52 of 1st period - Deflect By Mark Stone.
0:52 of 1st period - Stopped by Connor Hellebuyck without a rebound.
0:53 of 1st period - Max Domi wins face-off versus Lars Eller in St.Louis Blues zone.
1:20 of 1st period - Robert Thomas is hit by Christopher Tanev and loses puck.
1:53 of 1st period - Wrist shot by Jonathan Drouin.
1:53 of 1st period - Shot Misses the Net.
2:24 of 1st period - Backhand shot by Elias Pettersson.
2:24 of 1st period - Shot Blocked by Kasperi Kapanen.
2:24 of 1st period - Kasperi Kapanen from San Jose Sharks is injured at 2:24 of 1st period (Strained Right Elbow).
2:25 of 1st period - Elias Lindholm wins face-off versus Max Domi in San Jose Sharks zone.
2:31 of 1st period - Minor Penalty to Brandon Tanev for Hooking.
2:32 of 1st period - Robert Thomas wins face-off versus Adam Henrique in San Jose Sharks zone.
2:40 of 1st period - Wrist shot by Brayden Point.
2:40 of 1st period - Goal by Brayden Point - St.Louis Blues : 1 - San Jose Sharks : 0.
2:41 of 1st period - Ryan Johansen wins face-off versus Jack Eichel in neutral zone.
3:16 of 1st period - Wrist shot by Dakota Joshua.
3:16 of 1st period - Stopped by Stuart Skinner without a rebound.
3:17 of 1st period - Brandon Tanev wins face-off versus Mark Stone in San Jose Sharks zone.
3:30 of 1st period - Wrist shot by Elias Lindholm.
3:30 of 1st period - Shot Blocked by Christopher Tanev.
3:32 of 1st period - Wrist shot by Alex Tuch.
3:32 of 1st period - Shot Misses the Net.
3:44 of 1st period - Jake Sanderson is hit by Ilya Mikheyev and loses puck.
4:36 of 1st period - Noel Acciari is hit by Dakota Joshua and loses puck.
5:11 of 1st period - Snap shot by T.J. Oshie.
5:11 of 1st period - Stopped by Connor Hellebuyck with a rebound.
5:13 of 1st period - Wrist shot by Christopher Tanev.
5:13 of 1st period - Stopped by Connor Hellebuyck without a rebound.
5:14 of 1st period - Adam Henrique wins face-off versus Jack Eichel in St.Louis Blues zone.
5:19 of 1st period - Snap shot by Kevin Fiala.
5:19 of 1st period - Shot Blocked by Jake Guentzel.
5:21 of 1st period - Snap shot by Adam Henrique.
5:21 of 1st period - Shot Misses the Net.
5:23 of 1st period - Snap shot by Christopher Tanev.
5:23 of 1st period - Shot Misses the Net.
5:25 of 1st period - Slapshot by Alec Martinez.
5:25 of 1st period - Stopped by Connor Hellebuyck without a rebound.
5:26 of 1st period - Ryan Johansen wins face-off versus Jack Eichel in St.Louis Blues zone.
6:18 of 1st period - Snap shot by Elias Lindholm.
6:18 of 1st period - Shot Blocked by Marcus Pettersson.
6:40 of 1st period - Backhand shot by Jonathan Drouin.
6:40 of 1st period - Stopped by Connor Hellebuyck with a rebound.
8:04 of 1st period - Icing by Christopher Tanev.
8:05 of 1st period - Jack Eichel wins face-off versus Ryan Johansen in San Jose Sharks zone.
8:06 of 1st period - Wrist shot by Jake Guentzel.
8:06 of 1st period - Stopped by Stuart Skinner without a rebound.
8:07 of 1st period - Ryan Johansen wins face-off versus Robert Thomas in San Jose Sharks zone.
8:20 of 1st period - Snap shot by Jonathan Drouin.
8:20 of 1st period - Stopped by Connor Hellebuyck without a rebound.
8:21 of 1st period - Jack Eichel wins face-off versus Noel Acciari in St.Louis Blues zone.
8:48 of 1st period - Christopher Tanev is hit by Brandon Hagel and loses puck.
8:57 of 1st period - Snap shot by Elias Pettersson.
8:57 of 1st period - Deflect By Brayden Point.
8:57 of 1st period - Stopped by Stuart Skinner with a rebound.
9:25 of 1st period - Minor Penalty to Alex Tuch for Delaying the game.
9:26 of 1st period - Lars Eller wins face-off versus Adam Henrique in St.Louis Blues zone.
9:51 of 1st period - Jaccob Slavin is hit by Adam Henrique and loses puck.
10:22 of 1st period - Robert Thomas is hit by Dmitry Orlov and loses puck.
10:27 of 1st period - Snap shot by Kevin Fiala.
10:27 of 1st period - Shot Misses the Net.
10:57 of 1st period - Slapshot by Adam Henrique.
10:57 of 1st period - Stopped by Connor Hellebuyck without a rebound.
10:58 of 1st period - Ryan Johansen wins face-off versus Lars Eller in St.Louis Blues zone.
11:25 of 1st period - Penalty to Alex Tuch is over, Alex Tuch is back on ice.
11:37 of 1st period - Snap shot by Ilya Mikheyev.
11:37 of 1st period - Stopped by Connor Hellebuyck without a rebound.
11:38 of 1st period - Eeli Tolvanen wins face-off versus Jack Eichel in St.Louis Blues zone.
11:39 of 1st period - Wrist shot by Ilya Mikheyev.
11:39 of 1st period - Stopped by Connor Hellebuyck with a rebound.
11:45 of 1st period - Jack Eichel is hit by Noel Acciari and loses puck.
12:50 of 1st period - Snap shot by Max Domi.
12:50 of 1st period - Goal by Max Domi - St.Louis Blues : 1 - San Jose Sharks : 1.
12:51 of 1st period - Jack Eichel wins face-off versus Adam Henrique in neutral zone.
12:57 of 1st period - Jake Guentzel is hit by Connor Murphy.
13:07 of 1st period - Wrist shot by Jack Eichel.
13:07 of 1st period - Shot Blocked by Marcus Pettersson.
13:18 of 1st period - Minor Penalty to Ilya Mikheyev for Interference.
13:19 of 1st period - Ryan Johansen wins face-off versus Robert Thomas in San Jose Sharks zone.
13:26 of 1st period - Wrist shot by Brayden Point.
13:26 of 1st period - Goal by Brayden Point - St.Louis Blues : 2 - San Jose Sharks : 1.
13:27 of 1st period - Jack Eichel wins face-off versus Ilya Mikheyev in neutral zone.
13:40 of 1st period - Wrist shot by Adam Henrique.
13:40 of 1st period - Stopped by Connor Hellebuyck with a rebound.
13:42 of 1st period - Slapshot by Marcus Pettersson.
13:42 of 1st period - Shot Blocked by Jake Guentzel.
13:52 of 1st period - Colton Parayko is hit by Matthew Knies and loses puck.
14:15 of 1st period - Slapshot by Elias Lindholm.
14:15 of 1st period - Shot Misses the Net.
14:17 of 1st period - Snap shot by Alex Tuch.
14:17 of 1st period - Goal by Alex Tuch - St.Louis Blues : 3 - San Jose Sharks : 1.
14:18 of 1st period - Jack Eichel wins face-off versus Kevin Fiala in neutral zone.
14:45 of 1st period - Brandon Hagel is hit by Matthew Knies and loses puck.
14:52 of 1st period - Snap shot by Matthew Knies.
14:52 of 1st period - Shot Blocked by Jake Sanderson.
14:54 of 1st period - Wrist shot by Jonathan Drouin.
14:54 of 1st period - Shot Misses the Net.
14:56 of 1st period - Snap shot by Matthew Knies.
14:56 of 1st period - Shot Misses the Net.
15:54 of 1st period - Backhand shot by Christopher Tanev.
15:54 of 1st period - Shot Misses the Net.
16:13 of 1st period - Minor Penalty to Ryan Johansen for Holding.
16:14 of 1st period - Adam Henrique wins face-off versus Brayden Point in San Jose Sharks zone.
16:27 of 1st period - Wrist shot by Brayden Point.
16:27 of 1st period - Shot Hit the Post.
16:29 of 1st period - Wrist shot by Elias Pettersson.
16:29 of 1st period - Stopped by Stuart Skinner without a rebound.
16:30 of 1st period - Adam Henrique wins face-off versus Jake Guentzel in San Jose Sharks zone.
17:12 of 1st period - Slapshot by Elias Pettersson.
17:12 of 1st period - Stopped by Stuart Skinner with a rebound.
18:13 of 1st period - Penalty to Ryan Johansen is over, Ryan Johansen is back on ice.
18:22 of 1st period - Noel Acciari is hit by Lars Eller and loses puck.
18:27 of 1st period - Slapshot by Lars Eller.
18:27 of 1st period - Stopped by Stuart Skinner with a rebound.
18:53 of 1st period - Off-side.
18:54 of 1st period - Jack Eichel wins face-off versus Adam Henrique in neutral zone.
19:13 of 1st period - Lars Eller is hit by Jonathan Drouin and loses puck.
19:32 of 1st period - Brayden Point is hit by Brandon Tanev and loses puck.
19:41 of 1st period - Wrist shot by T.J. Oshie.
19:41 of 1st period - Shot Misses the Net.
19:47 of 1st period - Minor Penalty to Brandon Hagel for Tripping.
19:48 of 1st period - Lars Eller wins face-off versus Ryan Johansen in St.Louis Blues zone.
19:55 of 1st period - Wrist shot by Lars Eller.
19:55 of 1st period - Shot Misses the Net.
Goals for this period are 3 for St.Louis Blues vs 1 for San Jose Sharks.
Shots for this period are 9 for St.Louis Blues vs 13 for San Jose Sharks.
2nd period
0:01 of 2nd period - Elias Lindholm wins face-off versus Ryan Johansen in neutral zone.
0:50 of 2nd period - Snap shot by Lars Eller.
0:50 of 2nd period - Shot Misses the Net.
1:47 of 2nd period - Penalty to Brandon Hagel is over, Brandon Hagel is back on ice.
1:56 of 2nd period - Off-side.
1:57 of 2nd period - Jack Eichel wins face-off versus Noel Acciari in neutral zone.
2:12 of 2nd period - Wrist shot by Jake Guentzel.
2:12 of 2nd period - Shot Blocked by Alec Martinez.
2:14 of 2nd period - Slapshot by Alex Pietrangelo.
2:14 of 2nd period - Deflect By Jack Eichel.
2:14 of 2nd period - Shot Blocked by Alec Martinez.
2:14 of 2nd period - Puck is out of play.
2:15 of 2nd period - Elias Pettersson wins face-off versus Adam Henrique in San Jose Sharks zone.
2:20 of 2nd period - Snap shot by Brayden Point.
2:20 of 2nd period - Shot Blocked by Marcus Pettersson.
3:07 of 2nd period - Wrist shot by Max Domi.
3:07 of 2nd period - Shot Misses the Net.
3:09 of 2nd period - Slapshot by Alec Martinez.
3:09 of 2nd period - Stopped by Connor Hellebuyck without a rebound.
3:10 of 2nd period - Jack Eichel wins face-off versus Adam Henrique in St.Louis Blues zone.
3:14 of 2nd period - Off-side.
3:15 of 2nd period - Adam Henrique wins face-off versus Robert Thomas in neutral zone.
3:18 of 2nd period - Slapshot by Dmitry Orlov.
3:18 of 2nd period - Shot Blocked by Robert Thomas.
3:20 of 2nd period - Wrist shot by Kevin Fiala.
3:20 of 2nd period - Shot Misses the Net.
3:22 of 2nd period - Wrist shot by Dmitry Orlov.
3:22 of 2nd period - Shot Blocked by Jaccob Slavin.
3:24 of 2nd period - Snap shot by Kevin Fiala.
3:24 of 2nd period - Shot Misses the Net.
3:48 of 2nd period - Matthew Knies is hit by Elias Lindholm and loses puck.
4:10 of 2nd period - Wrist shot by Lars Eller.
4:10 of 2nd period - Deflect By Matthew Knies.
4:10 of 2nd period - Shot Misses the Net.
4:10 of 2nd period - Puck is out of play.
4:11 of 2nd period - Adam Henrique wins face-off versus Dakota Joshua in San Jose Sharks zone.
4:57 of 2nd period - Brandon Hagel is hit by Ilya Mikheyev and loses puck.
5:21 of 2nd period - Icing by Jonathan Drouin.
5:22 of 2nd period - Ryan Johansen wins face-off versus Jack Eichel in San Jose Sharks zone.
5:45 of 2nd period - Slapshot by Jonathan Drouin.
5:45 of 2nd period - Shot Misses the Net.
6:03 of 2nd period - Matthew Knies is hit by Brandon Hagel and loses puck.
6:20 of 2nd period - Snap shot by Mark Stone.
6:20 of 2nd period - Stopped by Stuart Skinner without a rebound.
6:21 of 2nd period - Jack Eichel wins face-off versus Kevin Fiala in San Jose Sharks zone.
6:40 of 2nd period - Christopher Tanev is hit by Jake Guentzel.
7:10 of 2nd period - Wrist shot by Eeli Tolvanen.
7:10 of 2nd period - Stopped by Connor Hellebuyck with a rebound.
7:12 of 2nd period - Snap shot by Dmitry Orlov.
7:12 of 2nd period - Shot Blocked by Nick Leddy.
7:14 of 2nd period - Slapshot by Dmitry Orlov.
7:14 of 2nd period - Stopped by Connor Hellebuyck with a rebound.
7:30 of 2nd period - Wrist shot by Lars Eller.
7:30 of 2nd period - Deflect By Ryan Johansen.
7:30 of 2nd period - Shot Misses the Net.
7:30 of 2nd period - Puck is out of play.
7:31 of 2nd period - Lars Eller wins face-off versus Max Domi in San Jose Sharks zone.
7:56 of 2nd period - Connor Murphy is hit by Jake Guentzel and loses puck.
9:19 of 2nd period - Wrist shot by Brandon Tanev.
9:19 of 2nd period - Stopped by Connor Hellebuyck with a rebound.
9:21 of 2nd period - Slapshot by Alec Martinez.
9:21 of 2nd period - Shot Blocked by Jack Eichel.
9:23 of 2nd period - Snap shot by Max Domi.
9:23 of 2nd period - Shot Misses the Net.
9:25 of 2nd period - Backhand shot by T.J. Oshie.
9:25 of 2nd period - Stopped by Connor Hellebuyck without a rebound.
9:26 of 2nd period - Ryan Johansen wins face-off versus Elias Pettersson in St.Louis Blues zone.
9:51 of 2nd period - Dmitry Orlov is hit by Jake Guentzel and loses puck.
9:58 of 2nd period - Wrist shot by Robert Thomas.
9:58 of 2nd period - Stopped by Stuart Skinner with a rebound.
10:00 of 2nd period - Snap shot by Colton Parayko.
10:00 of 2nd period - Stopped by Stuart Skinner with a rebound.
10:26 of 2nd period - Wrist shot by Dakota Joshua.
10:26 of 2nd period - Stopped by Stuart Skinner without a rebound.
10:27 of 2nd period - Ryan Johansen wins face-off versus Lars Eller in San Jose Sharks zone.
10:32 of 2nd period - Slapshot by Christopher Tanev.
10:32 of 2nd period - Stopped by Connor Hellebuyck with a rebound.
11:06 of 2nd period - T.J. Oshie is hit by Jake Guentzel and loses puck.
11:33 of 2nd period - Slapshot by Colton Parayko.
11:33 of 2nd period - Stopped by Stuart Skinner with a rebound.
11:35 of 2nd period - Slapshot by Nick Leddy.
11:35 of 2nd period - Deflect By Eeli Tolvanen.
11:35 of 2nd period - Stopped by Stuart Skinner with a rebound.
11:37 of 2nd period - Wrist shot by Elias Lindholm.
11:37 of 2nd period - Stopped by Stuart Skinner with a rebound.
11:39 of 2nd period - Wrist shot by Elias Lindholm.
11:39 of 2nd period - Stopped by Stuart Skinner without a rebound.
11:40 of 2nd period - Max Domi wins face-off versus Jake Guentzel in San Jose Sharks zone.
11:53 of 2nd period - Backhand shot by T.J. Oshie.
11:53 of 2nd period - Shot Misses the Net.
12:33 of 2nd period - Wrist shot by Lars Eller.
12:33 of 2nd period - Shot Misses the Net.
12:51 of 2nd period - Wrist shot by Lars Eller.
12:51 of 2nd period - Shot Misses the Net.
12:53 of 2nd period - Slapshot by Robert Thomas.
12:53 of 2nd period - Stopped by Stuart Skinner with a rebound.
12:55 of 2nd period - Backhand shot by Jack Eichel.
12:55 of 2nd period - Deflect By T.J. Oshie.
12:55 of 2nd period - Shot Blocked by Max Domi.
12:55 of 2nd period - Puck is out of play.
12:56 of 2nd period - Adam Henrique wins face-off versus Jack Eichel in San Jose Sharks zone.
13:33 of 2nd period - Slapshot by Jake Guentzel.
13:33 of 2nd period - Stopped by Stuart Skinner without a rebound.
13:34 of 2nd period - Elias Pettersson wins face-off versus Jonathan Drouin in San Jose Sharks zone.
13:45 of 2nd period - Slapshot by Jonathan Drouin.
13:45 of 2nd period - Shot Blocked by Alex Pietrangelo.
14:04 of 2nd period - Snap shot by Mark Stone.
14:04 of 2nd period - Stopped by Stuart Skinner with a rebound.
14:06 of 2nd period - Snap shot by Alex Tuch.
14:06 of 2nd period - Stopped by Stuart Skinner with a rebound.
14:08 of 2nd period - Slapshot by Colton Parayko.
14:08 of 2nd period - Shot Misses the Net.
14:10 of 2nd period - Slapshot by Colton Parayko.
14:10 of 2nd period - Stopped by Stuart Skinner without a rebound.
14:11 of 2nd period - Ryan Johansen wins face-off versus Jack Eichel in San Jose Sharks zone.
14:16 of 2nd period - Jake Guentzel is hit by Ryan Johansen and loses puck.
14:53 of 2nd period - Minor Penalty to Max Domi for Tripping.
14:54 of 2nd period - Adam Henrique wins face-off versus Robert Thomas in San Jose Sharks zone.
15:59 of 2nd period - Robert Thomas is hit by Alec Martinez.
16:53 of 2nd period - Penalty to Max Domi is over, Max Domi is back on ice.
17:05 of 2nd period - Ilya Mikheyev is hit by Dakota Joshua and loses puck.
19:20 of 2nd period - Brandon Hagel is hit by Eeli Tolvanen and loses puck.
19:42 of 2nd period - Icing by Colton Parayko.
19:43 of 2nd period - Ryan Johansen wins face-off versus Lars Eller in St.Louis Blues zone.
19:44 of 2nd period - Wrist shot by Jonathan Drouin.
19:44 of 2nd period - Stopped by Connor Hellebuyck without a rebound.
19:45 of 2nd period - Jack Eichel wins face-off versus Ryan Johansen in St.Louis Blues zone.
Goals for this period are 0 for St.Louis Blues vs 0 for San Jose Sharks.
Shots for this period are 13 for St.Louis Blues vs 7 for San Jose Sharks.
3rd period
0:01 of 3rd period - Jack Eichel wins face-off versus Adam Henrique in neutral zone.
0:48 of 3rd period - Dmitry Orlov is hit by Mark Stone.
1:31 of 3rd period - Snap shot by Dakota Joshua.
1:31 of 3rd period - Deflect By Lars Eller.
1:31 of 3rd period - Stopped by Stuart Skinner without a rebound.
1:32 of 3rd period - Adam Henrique wins face-off versus Dakota Joshua in San Jose Sharks zone.
1:39 of 3rd period - Slapshot by Adam Henrique.
1:39 of 3rd period - Stopped by Connor Hellebuyck with a rebound.
1:41 of 3rd period - Snap shot by Adam Henrique.
1:41 of 3rd period - Stopped by Connor Hellebuyck without a rebound.
1:42 of 3rd period - Ryan Johansen wins face-off versus Jack Eichel in St.Louis Blues zone.
2:13 of 3rd period - Wrist shot by Adam Henrique.
2:13 of 3rd period - Stopped by Connor Hellebuyck with a rebound.
3:26 of 3rd period - Wrist shot by Ryan Johansen.
3:26 of 3rd period - Shot Blocked by Brayden Point.
4:18 of 3rd period - Wrist shot by Jake Guentzel.
4:18 of 3rd period - Deflect By Jack Eichel.
4:18 of 3rd period - Shot Blocked by Matthew Knies.
4:18 of 3rd period - Puck is out of play.
4:19 of 3rd period - Elias Pettersson wins face-off versus Ryan Johansen in San Jose Sharks zone.
4:24 of 3rd period - Slapshot by Brayden Point.
4:24 of 3rd period - Stopped by Stuart Skinner with a rebound.
4:51 of 3rd period - Icing by Marcus Pettersson.
4:52 of 3rd period - Adam Henrique wins face-off versus Elias Pettersson in San Jose Sharks zone.
5:11 of 3rd period - Christopher Tanev is hit by Jaccob Slavin and loses puck.
5:39 of 3rd period - Icing by Jake Guentzel.
5:40 of 3rd period - Jack Eichel wins face-off versus Max Domi in St.Louis Blues zone.
5:45 of 3rd period - Snap shot by Elias Lindholm.
5:45 of 3rd period - Shot Blocked by Dmitry Orlov.
5:47 of 3rd period - Snap shot by Alex Tuch.
5:47 of 3rd period - Stopped by Stuart Skinner with a rebound.
5:49 of 3rd period - Slapshot by Elias Lindholm.
5:49 of 3rd period - Goal by Elias Lindholm - St.Louis Blues : 4 - San Jose Sharks : 1.
5:50 of 3rd period - Jack Eichel wins face-off versus Ryan Johansen in neutral zone.
5:53 of 3rd period - Matthew Knies is hit by Jack Eichel and loses puck.
6:04 of 3rd period - Slapshot by Jack Eichel.
6:04 of 3rd period - Stopped by Stuart Skinner with a rebound.
6:24 of 3rd period - Wrist shot by Kevin Fiala.
6:24 of 3rd period - Shot Misses the Net.
6:26 of 3rd period - Slapshot by Marcus Pettersson.
6:26 of 3rd period - Stopped by Connor Hellebuyck without a rebound.
6:27 of 3rd period - Elias Pettersson wins face-off versus Max Domi in St.Louis Blues zone.
7:56 of 3rd period - Wrist shot by Elias Pettersson.
7:56 of 3rd period - Deflect By Ilya Mikheyev.
7:56 of 3rd period - Shot Misses the Net.
7:56 of 3rd period - Puck is out of play.
7:57 of 3rd period - Elias Pettersson wins face-off versus Noel Acciari in San Jose Sharks zone.
8:00 of 3rd period - Snap shot by Brayden Point.
8:00 of 3rd period - Shot Misses the Net.
8:05 of 3rd period - Icing by Alec Martinez.
8:06 of 3rd period - Noel Acciari wins face-off versus Jake Guentzel in San Jose Sharks zone.
8:11 of 3rd period - Wrist shot by Jack Eichel.
8:11 of 3rd period - Shot Misses the Net.
8:13 of 3rd period - Slapshot by Alex Pietrangelo.
8:13 of 3rd period - Stopped by Stuart Skinner without a rebound.
8:14 of 3rd period - Jack Eichel wins face-off versus Ryan Johansen in San Jose Sharks zone.
8:15 of 3rd period - Slapshot by Jake Guentzel.
8:15 of 3rd period - Deflect By Connor Murphy.
8:15 of 3rd period - Goal by Jake Guentzel - St.Louis Blues : 5 - San Jose Sharks : 1.
8:16 of 3rd period - Jack Eichel wins face-off versus Ryan Johansen in neutral zone.
8:29 of 3rd period - Slapshot by Jake Guentzel.
8:29 of 3rd period - Shot Misses the Net.
8:43 of 3rd period - Ilya Mikheyev is hit by Brayden Point and loses puck.
8:52 of 3rd period - Snap shot by Brayden Point.
8:52 of 3rd period - Shot Blocked by Marcus Pettersson.
9:12 of 3rd period - Snap shot by Alex Tuch.
9:12 of 3rd period - Shot Blocked by Alec Martinez.
9:16 of 3rd period - Snap shot by Mark Stone.
9:16 of 3rd period - Stopped by Stuart Skinner without a rebound.
9:17 of 3rd period - Jack Eichel wins face-off versus Ryan Johansen in San Jose Sharks zone.
9:44 of 3rd period - Elias Pettersson is hit by Kevin Fiala and loses puck.
10:06 of 3rd period - Minor Penalty to Max Domi for Tripping.
10:07 of 3rd period - Adam Henrique wins face-off versus Robert Thomas in San Jose Sharks zone.
11:22 of 3rd period - Kevin Fiala is hit by Jake Guentzel and loses puck.
12:06 of 3rd period - Penalty to Max Domi is over, Max Domi is back on ice.
12:14 of 3rd period - Wrist shot by Ilya Mikheyev.
12:14 of 3rd period - Stopped by Connor Hellebuyck with a rebound.
12:39 of 3rd period - Snap shot by T.J. Oshie.
12:39 of 3rd period - Goal by T.J. Oshie - St.Louis Blues : 5 - San Jose Sharks : 2.
12:40 of 3rd period - Jonathan Drouin wins face-off versus Elias Lindholm in neutral zone.
13:05 of 3rd period - Dmitry Orlov is hit by Jake Guentzel and loses puck.
13:32 of 3rd period - Wrist shot by Max Domi.
13:32 of 3rd period - Goal by Max Domi - St.Louis Blues : 5 - San Jose Sharks : 3.
13:33 of 3rd period - Ryan Johansen wins face-off versus Jack Eichel in neutral zone.
14:26 of 3rd period - Alex Tuch is hit by Brandon Tanev and loses puck.
14:35 of 3rd period - Snap shot by Elias Lindholm.
14:35 of 3rd period - Stopped by Stuart Skinner with a rebound.
14:50 of 3rd period - Off-side.
14:51 of 3rd period - Ryan Johansen wins face-off versus Jack Eichel in neutral zone.
15:08 of 3rd period - Snap shot by Jonathan Drouin.
15:08 of 3rd period - Stopped by Connor Hellebuyck with a rebound.
15:10 of 3rd period - Snap shot by Jonathan Drouin.
15:10 of 3rd period - Stopped by Connor Hellebuyck with a rebound.
15:12 of 3rd period - Snap shot by Ryan Johansen.
15:12 of 3rd period - Deflect By Jonathan Drouin.
15:12 of 3rd period - Stopped by Connor Hellebuyck without a rebound.
15:13 of 3rd period - Elias Lindholm wins face-off versus Max Domi in St.Louis Blues zone.
15:13 of 3rd period - Elias Lindholm is hit by T.J. Oshie.
15:39 of 3rd period - T.J. Oshie is hit by Brandon Hagel and loses puck.
16:53 of 3rd period - Off-side.
16:54 of 3rd period - Jack Eichel wins face-off versus Ilya Mikheyev in neutral zone.
17:51 of 3rd period - Backhand shot by Kevin Fiala.
17:51 of 3rd period - Shot Misses the Net.
17:53 of 3rd period - Snap shot by Ryan Johansen.
17:53 of 3rd period - Stopped by Connor Hellebuyck without a rebound.
17:54 of 3rd period - Elias Lindholm wins face-off versus Adam Henrique in St.Louis Blues zone.
17:54 of 3rd period - Elias Lindholm is hit by Alec Martinez.
18:04 of 3rd period - Wrist shot by Alex Tuch.
18:04 of 3rd period - Stopped by Stuart Skinner with a rebound.
18:06 of 3rd period - Slapshot by Jaccob Slavin.
18:06 of 3rd period - Shot Misses the Net.
18:08 of 3rd period - Slapshot by Jake Sanderson.
18:08 of 3rd period - Stopped by Stuart Skinner with a rebound.
18:10 of 3rd period - Snap shot by Alex Tuch.
18:10 of 3rd period - St.Louis Blues goal is going for a video replay.
18:10 of 3rd period - The goal is good.
18:10 of 3rd period - Goal by Alex Tuch - St.Louis Blues : 6 - San Jose Sharks : 3.
18:11 of 3rd period - Jack Eichel wins face-off versus Ryan Johansen in neutral zone.
18:14 of 3rd period - Snap shot by Jake Guentzel.
18:14 of 3rd period - Stopped by Stuart Skinner with a rebound.
18:49 of 3rd period - Slapshot by Elias Pettersson.
18:49 of 3rd period - Shot Misses the Net.
19:09 of 3rd period - Snap shot by Max Domi.
19:09 of 3rd period - Stopped by Connor Hellebuyck without a rebound.
19:10 of 3rd period - Jack Eichel wins face-off versus Ryan Johansen in St.Louis Blues zone.
19:16 of 3rd period - Off-side.
19:17 of 3rd period - Jack Eichel wins face-off versus Ryan Johansen in neutral zone.
19:52 of 3rd period - Elias Pettersson is hit by Ilya Mikheyev and loses puck.
Goals for this period are 3 for St.Louis Blues vs 2 for San Jose Sharks.
Shots for this period are 13 for St.Louis Blues vs 12 for San Jose Sharks.
Back to the Top